 Dungeon Crawl Stone Soup version 0.13.0-21-ge43020b (webtiles) character file.

54197 Malachi the Severer (level 14, -6/106 HPs)
             Began as a Vampire Berserker on Oct 26, 2013.
             Was the Champion of Trog.
             Mangled by Norris
             ... wielding a +0,+0 morningstar
              (24 damage)
             ... on Level 17 of the Dungeon.
             The game lasted 00:51:53 (15122 turns).

Malachi the Severer (Vampire Berserker)            Turns: 15122, Time: 00:51:53

HP  -6/106       AC 23     Str 20      XL: 14   Next: 28%
MP  17/17        EV  5     Int  5      God: Trog [******]
Gold 1291        SH  0     Dex 13      Spells:  0 memorised, 13 levels left

Res.Fire  : . . .   See Invis. : +   B - +5,+12 battleaxe "Giant's Death Toll" {vamp, rC+ MR++ Int-4}
Res.Cold  : + . .   Warding    : .   W - +2 orc plate armour
Life Prot.: . . .   Conserve   : +   (no shield)
Res.Poison: +       Res.Corr.  : .   s - +0 golden helmet
Res.Elec. : .       Clarity    : .   L - +0 orc cloak
Sust.Abil.: + .     Spirit.Shd : .   t - +2 pair of elf gauntlets
Res.Mut.  : .       Stasis     : .   C - +2 pair of boots
Res.Rott. : .       Flight     : .   d - amulet of conservation
Saprovore : . . .                    f - ring of poison resistance
                                     c - ring of sustain abilities

@: regenerating, exhausted, slowed, very slow, incredibly resistant to hostile
enchantments, extremely unstealthy
A: bottle blood, fangs 3, see invisible, unbreathing
a: Bottle Blood, Burn Spellbooks, Berserk, Trog's Hand, Brothers in Arms,
Renounce Religion


You were on level 17 of the Dungeon.
You worshipped Trog.
Trog was exalted by your worship.
You were full.

You visited 2 branches of the dungeon, and saw 18 of its levels.
You visited 1 bazaar.
You also visited: Sewer.

You collected 1576 gold pieces.
You spent 305 gold pieces at shops.

Inventory:

Hand weapons
 B - the +5,+12 battleaxe "Giant's Death Toll" (weapon) {vamp, rC+ MR++ Int-4}
   (Trog gifted it to you on level 5 of the Dungeon)

   It inflicts no extra harm, but heals its wielder somewhat when it strikes a
   living foe.
   It affects your intelligence (-4).
   It protects you from cold.
   It affects your resistance to hostile enchantments.
 M - a +1,+2 executioner's axe of freezing
 X - a +0,+5 crossbow of flame
 Y - the +11,+11 morningstar "Eos" {elec, -Tele rElec SInv}
   (You took it off an orc on level 13 of the Dungeon)

   Occasionally, upon striking a foe, it will discharge some electrical energy
   and cause terrible harm.
   It insulates you from electricity.
   It enhances your eyesight.
   It prevents most forms of teleportation.
Missiles
 n - 7 javelins (quivered)
Armour
 s - a +0 golden helmet (worn)
 t - a +2 pair of elven gauntlets (worn)
 C - a +2 pair of boots (worn)
 L - a +0 orcish cloak (worn)
 W - a +2 orcish plate armour (worn)
Magical devices
 e - a wand of cold (3)
 l - a wand of lightning (4)
 v - a wand of magic darts (0)
 z - a wand of draining (2)
 I - a wand of teleportation (5)
 N - a wand of cold (6)
 S - a wand of cold (3)
 T - a wand of digging (4)
Scrolls
 i - a scroll of amnesia
 k - 3 scrolls of enchant weapon I
 m - 3 scrolls of fear
 p - 8 scrolls of remove curse
 r - a scroll of recharging
 w - 3 scrolls of fog
 y - a scroll of brand weapon {unknown}
 H - a scroll of identify
 O - a scroll of magic mapping
 Q - 6 scrolls of teleportation
 R - 2 scrolls of blinking
Jewellery
 a - a cursed ring of teleportation
 c - a ring of sustain abilities (left hand)
 d - an amulet of conservation (around neck)
 f - a ring of poison resistance (right hand)
 h - a cursed ring of magical power
 j - a +4 ring of intelligence
 u - an uncursed ring of ice
 A - a +2 ring of dexterity
 J - an uncursed ring of fire
 K - an uncursed ring of protection from cold
 U - a +2 ring of protection
Potions
 b - 12 potions of curing
 g - 5 potions of might
 o - 7 potions of heal wounds
 q - 4 potions of restore abilities
 x - a potion of speed
 D - 3 potions of berserk rage
 E - 3 potions of agility
 F - a potion of brilliance
 G - 2 potions of flight
 P - 2 potions of coagulated blood
 Z - a potion of slowing {unknown}
Miscellaneous
 V - a sack of spiders


   Skills:
 + Level 9.2 Fighting
 + Level 19.2 Axes
 + Level 0.1 Throwing
 + Level 5.4 Armour
 + Level 3.2 Dodging
 + Level 1.5 Evocations


You had 13 spell levels left.
You didn't know any spells.

Dungeon Overview and Level Annotations

Branches:
Dungeon (17/27)            Temple (1/1) D:5             Orc (0/4) D:7
   Lair (0/8) D:11
 Vaults: D:15-20

Altars:
Ashenzari
Cheibriados
Elyvilon
Fedhas
Kikubaaqudgha
Makhleb
Nemelex Xobeh
Okawaru
Sif Muna
Trog
Vehumet
Xom
Yredelemnul
Zin
the Shining One
Lugonu

Portals:
Trove: D:15 (show abyssal rune of Zot)

Annotations:
D:16 exclusion: oklob plant
D:17 Norris


Innate Abilities, Weirdness & Mutations

Your natural rate of healing is unusually fast.
You can bottle blood from corpses.
You have razor-sharp teeth.*
You have supernaturally acute eyesight.
You can survive without breathing.*


Message History

Norris hits you with a morningstar!
Unknown command.
You draw Norris' blood!
You feel better.
You feel slightly more full.
You slash Norris!
Norris is severely wounded.
Norris says, "The Orb is only a myth.
Forget about it."
Norris hits you but does no damage.
Unknown command.
Use which ability? (? or * to list)
Okay, then.
Use which ability? (? or * to list)
Your skin crawls.
You feel resistant to hostile enchantments.
You feel slightly less full. Norris hits you with a morningstar!
* * * LOW HITPOINT WARNING * * *
Unknown command.
Use which ability? (? or * to list)
Your stone giant goes berserk!
Norris hits you with a morningstar!
You die...

... ....(..
...#.... #...#...#
#...<..####
#......#.#
#.......#
#...@...# #.%@...#
#......# ##.C?..##
## #......###..#
##..........#
#..........#####
####.......###.#
#...........#
#...........######


You could see Norris (invisible) and a friendly stone giant (berserk).

Vanquished Creatures
  Kirke (D:14)
  3 hydras
  A yaktaur captain (D:12)
  Nessos (D:17)
  5 centaur warriors
  2 rakshasas
  Erolcha (D:8)
  3 skeletal warriors (D:16)
  8 hill giants
  2 unseen horrors
  A wizard (D:16)
  An orc knight (D:12)
  Joseph (D:9)
  2 griffons
  5 cyclopes
  An orc sorcerer (D:11)
  Maurice (D:11)
  Psyche (D:8)
  An efreet (D:15)
  3 trolls
  Grinder (D:5)
  A komodo dragon (D:10)
  5 polar bears (D:7)
  8 slime creatures
  2 two-headed ogres
  3 grizzly bears (D:7)
  A vampire (D:16)
  A blink frog (shapeshifter) (D:16)
  2 wraiths
  A basilisk (D:16)
  A hill giant zombie (D:15)
  18 yaks
  41 ugly things
  3 wyverns
  3 hippogriffs
  Eustachio (D:5)
  9 hungry ghosts
  A manticore (D:8)
  2 hill giant skeletons
  7 hogs
  A wolf (D:7)
  12 vampire mosquitoes
  A soldier ant (D:14)
  Menkaure (D:6)
  An iron troll simulacrum (D:16)
  3 mottled dragons
  A necrophage (D:12)
  14 orc warriors
  4 black bears (D:7)
  4 ice beasts
  A sky beast (D:13)
  A human (D:7)
  2 ogres
  3 yellow wasps
  3 crocodiles
  The ghost of buki the Caller, an average DsSu (D:3)
  10 centaurs
  Duvessa (D:6)
  4 big kobolds
  A water moccasin (D:10)
  13 wargs (D:11)
  A gnoll sergeant (D:9)
  17 giant frogs
  A brain worm (D:15)
  2 eyes of draining
  A yak zombie (D:12)
  24 killer bees
  A yak skeleton (D:12)
  9 wights
  3 goliath beetles
  15 crimson imps
  A quasit (D:8)
  Dowan (D:6)
  A giant frog zombie (D:8)
  5 orc priests
  13 hounds
  4 jellies
  A basilisk skeleton (D:14)
  8 scorpions
  2 iron imps (D:5)
  A two-headed ogre skeleton (D:12)
  An iguana (D:8)
  14 orc wizards
  A water moccasin skeleton (D:9)
  A shapeshifter simulacrum (D:14)
  8 worker ants
  3 sheep (D:7)
  An ogre zombie (D:8)
  Ijyb (D:5)
  A mottled dragon skeleton (D:15)
  17 gnolls
  5 green rats
  22 adders
  4 giant centipedes
  10 giant mites
  3 worms
  19 grey rats
  An adder skeleton (D:8)
  4 giant geckos
  94 orcs
  6 giant cockroaches
  40 hobgoblins
  22 jackals
  8 quokkas
  7 ball pythons
  23 bats
  5 giant newts
  A giant spore (D:15)
  45 goblins
  A hobgoblin zombie (D:8)
  2 illusory rakshasas (D:12)
  37 kobolds
  A kobold skeleton (D:4)
  A kobold zombie (D:8)
  An orc zombie (D:5)
  A quokka skeleton (D:5)
  18 rats
  A rat skeleton (D:4)
  9 ballistomycetes
  A plant (D:11)
788 creatures vanquished.

Vanquished Creatures (others)
  A giant spore (D:7)
  A kobold (Sewer)
  A fungus (D:10)
3 creatures vanquished.

Grand Total: 791 creatures vanquished

Notes
Turn   | Place    | Note
--------------------------------------------------------------
     0 | D:1      | Malachi, the Vampire Berserker, began the quest for the Orb.
     0 | D:1      | Reached XP level 1. HP: 18/18 MP: 1/1
    69 | D:1      | Reached skill level 3 in Axes
   155 | D:1      | Reached XP level 2. HP: 13/24 MP: 2/2
   836 | D:2      | Found an ancient bone altar of Kikubaaqudgha.
   853 | D:2      | Reached XP level 3. HP: 14/29 MP: 3/3
   880 | D:2      | Reached skill level 4 in Axes
   943 | D:2      | Acquired Trog's second power
  1150 | D:2      | Reached XP level 4. HP: 36/36 MP: 4/4
  1162 | D:2      | Reached skill level 5 in Axes
  1403 | D:2      | Reached XP level 5. HP: 39/41 MP: 5/5
  1508 | D:2      | Found a sparkling altar of Nemelex Xobeh.
  1831 | D:3      | Found a radiant altar of Vehumet.
  1859 | D:3      | Found a glowing golden altar of the Shining One.
  1933 | D:3      | Noticed buki's ghost (average DsSu)
  1950 | D:3      | Killed buki's ghost
  1950 | D:3      | Reached skill level 6 in Axes
  1987 | D:3      | Reached XP level 6. HP: 43/47 MP: 6/6
  2727 | D:4      | Acquired Trog's third power
  2899 | D:4      | Reached skill level 7 in Axes
  3286 | D:4      | Reached XP level 7. HP: 41/53 MP: 7/7
  3777 | D:5      | Entered Level 5 of the Dungeon
  3933 | D:5      | Reached skill level 8 in Axes
  3960 | D:5      | Found a staircase to the Ecumenical Temple.
  4070 | D:5      | Noticed Ijyb
  4084 | D:5      | Killed Ijyb
  4102 | D:5      | Found a bloodstained altar of Trog.
  4234 | D:5      | Found a glowing drain.
  4262 | D:5      | Received a gift from Trog
  4265 | D:5      | Got a crude battleaxe {god gift}
  4266 | D:5      | Identified the battleaxe "Giant's Death Toll" {god gift, vamp, rC+ MR++ Int-4} (Trog gifted it to you on level 5 of the Dungeon)
  4272 | D:5      | Noticed Grinder
  4354 | Sewer    | Entered a sewer
  4397 | Sewer    | Reached XP level 8. HP: 59/59 MP: 8/8
  4398 | Sewer    | Reached skill level 9 in Axes
  4985 | D:5      | Killed Grinder
  4985 | D:5      | Reached skill level 10 in Axes
  5008 | D:5      | Noticed Eustachio
  5020 | D:5      | Killed Eustachio
  5126 | D:6      | Noticed Duvessa
  5127 | D:6      | Noticed Dowan
  5133 | D:6      | Killed Dowan
  5136 | D:6      | Killed Duvessa
  5261 | D:6      | Reached skill level 11 in Axes
  5261 | D:6      | Reached XP level 9. HP: 64/64 MP: 9/9
  5268 | D:6      | Found a shattered altar of Ashenzari.
  5341 | D:6      | Noticed Menkaure
  5347 | D:6      | Killed Menkaure
  6057 | D:6      | Received a gift from Trog
  6109 | D:6      | Got a smoking leather armour
  6110 | D:6      | Identified the cursed +0 leather armour "Keeligix" {SInv} (You found it on level 6 of the Dungeon)
  6292 | D:7      | Found a staircase to the Orcish Mines.
  6363 | D:7      | Reached skill level 12 in Axes
  6446 | D:7      | Found a bloodstained altar of Trog.
  6492 | D:7      | Reached XP level 10. HP: 72/72 MP: 10/10
  6492 | D:7      | Reached skill level 13 in Axes
  7075 | D:8      | Found a white marble altar of Elyvilon.
  7132 | D:8      | Noticed Psyche
  7143 | D:8      | Killed Psyche
  7310 | D:8      | Reached skill level 14 in Axes
  7554 | D:8      | Received a gift from Trog
  7576 | D:8      | Noticed Erolcha
  7584 | D:8      | Killed Erolcha
  7584 | D:8      | Reached skill level 5 in Fighting
  7632 | D:8      | Found a burning altar of Makhleb.
  7854 | Temple   | Entered the Ecumenical Temple
  8085 | D:9      | Reached XP level 11. HP: 79/79 MP: 11/11
  8449 | D:9      | Noticed Joseph
  8460 | D:9      | Killed Joseph
  8519 | D:9      | Reached skill level 15 in Axes
  8528 | D:9      | Found a deep blue altar of Sif Muna.
  8797 | D:10     | Entered Level 10 of the Dungeon
  8907 | D:10     | Found a glowing golden altar of the Shining One.
  9267 | D:10     | Noticed a hill giant
  9276 | D:10     | Killed a hill giant
  9444 | D:10     | Received a gift from Trog
  9689 | D:11     | Got an encrusted dagger
  9719 | D:11     | Identified the dagger of the Eel {stab, Contam rElec rN+} (You found it on level 11 of the Dungeon)
 10276 | D:11     | Noticed Maurice
 10287 | D:11     | Killed Maurice
 10364 | D:11     | Reached skill level 16 in Axes
 10476 | D:11     | Found a staircase to the Lair.
 10739 | D:11     | Reached XP level 12. HP: 88/88 MP: 12/12
 10903 | D:12     | Received a gift from Trog
 11106 | D:12     | Noticed a yaktaur captain
 11117 | D:12     | Killed a yaktaur captain
 11243 | D:12     | Reached skill level 17 in Axes
 11879 | D:12     | Received a gift from Trog
 12013 | D:13     | Reached skill level 1 in Evocations
 12060 | D:13     | Noticed a six-headed hydra
 12067 | D:13     | Killed a 11-headed hydra
 12067 | D:13     | Reached XP level 13. HP: 96/96 MP: 15/15
 12159 | D:13     | Noticed a five-headed hydra
 12168 | D:13     | Killed a 11-headed hydra
 12574 | D:14     | Entered Level 14 of the Dungeon
 12591 | D:14     | Reached skill level 18 in Axes
 13140 | D:14     | Noticed Kirke
 13150 | D:14     | Killed Kirke
 13205 | D:15     | Entered Level 15 of the Dungeon
 13675 | D:15     | Found a portal to a secret trove of treasure.
 13732 | D:15     | Found a blossoming altar of Fedhas.
 13739 | D:15     | Received a gift from Trog
 14166 | D:16     | Reached XP level 14. HP: 105/105 MP: 17/17
 14197 | D:16     | Reached skill level 19 in Axes
 14227 | D:16     | Reached skill level 5 in Armour
 14469 | D:16     | Found a flickering gateway to a bazaar.
 14524 | Bazaar   | Entered a bazaar
 14528 | Bazaar   | Found Koucs' Jewellery Boutique.
 14546 | Bazaar   | Found Joapsaf's Antique Armour Emporium.
 14565 | Bazaar   | Found Guawes' Book Boutique.
 14582 | Bazaar   | Found Cianuul's Magic Scroll Shoppe.
 14620 | Bazaar   | Bought a bronze scale mail for 305 gold pieces
 14621 | Bazaar   | Identified the +4 scale mail of the Komodo Dragon {Dex+1 Int+2} (You bought it in a shop in a bazaar)
 14845 | D:17     | Noticed Nessos
 15016 | D:17     | Killed Nessos
 15093 | D:17     | Noticed Norris
 15122 | D:17     | Mangled by Norris

Action                   |  1- 3 |  4- 6 |  7- 9 | 10-12 | 13-15 || total
-------------------------+-------+-------+-------+-------+-------++-------
Melee: Hand axe          |   114 |   389 |   155 |       |       ||   658
       Mace              |    10 |     3 |       |       |       ||    13
       Battleaxe         |       |       |   238 |   683 |   455 ||  1376
Throw: Javelin           |       |       |       |     1 |       ||     1
Invok: Berserk           |     2 |     2 |     4 |    13 |     6 ||    27
       Trog's Hand       |       |       |       |     1 |     1 ||     2
       Brothers in Arms  |       |       |       |       |     1 ||     1
 Abil: Bottle Blood      |       |     5 |     9 |     3 |     2 ||    19
Evoke: Wand              |       |       |     1 |     5 |     1 ||     7
  Use: Scroll            |     3 |       |    18 |    10 |     7 ||    38
       Potion            |       |     1 |     4 |     1 |    15 ||    21
